 Dungeon Crawl Stone Soup version 0.27-b1-42-g19c61b19a5 (webtiles) character file.

Game seed: 8220916740010106337

721 horus123 the Magician (level 7, -2/37 HPs)
             Began as a Deep Elf Ice Elementalist on July 29, 2021.
             Slain by an ice beast (3 damage)
             ... on level 5 of the Dungeon.
             The game lasted 00:28:45 (4941 turns).

horus123 the Magician (Deep Elf Ice Elementalist)   Turns: 4941, Time: 00:28:45

Health: -2/37      AC: 14    Str:  5    XL:     7   Next: 43%
Magic:  18/20      EV: 13    Int: 21    God:
Gold:   156        SH:  0    Dex: 16    Spells: 7/21 levels left

rFire    . . .     SeeInvis +   d - staff of air
rCold    . . .     Faith    .   (no shield)
rNeg     . . .     Spirit   .   b - +0 robe
rPois    .         Reflect  .   j - +2 helmet
rElec    +         Harm     .   m - +0 cloak
rCorr    .         Rampage  .   (no gloves)
Will     .....                  (no boots)
Stlth    ++........             (no amulet)
HPRegen  0.12/turn              i - ring of see invisible
MPRegen  0.17/turn              (no ring)

@: ice-armoured
A: no striking features
a: no special abilities


You were on level 5 of the Dungeon.
You visited 1 branch of the dungeon, and saw 5 of its levels.

You collected 156 gold pieces.

Inventory:

Armour
 b - a +0 robe (worn)
 j - a +2 helmet (worn)
 m - a +0 cloak (worn)
Magical Staves
 d - a staff of air (weapon)
Jewellery
 i - a ring of see invisible (left hand)
Scrolls
 f - a scroll of summoning {unknown}
 l - a scroll of fear
 n - a scroll of fog {unknown}
Potions
 a - 2 potions of flight
 c - a potion of degeneration {unknown}
 e - a potion of cancellation {unknown}
 g - 2 potions of curing {unknown}
 h - a potion of mutation {unknown}
 k - 2 potions of might {unknown}


   Skills:
 + Level 0.5 Fighting
 + Level 3.2 Dodging
 + Level 3.1 Stealth
 + Level 0.1 Unarmed Combat
 + Level 7.6 Spellcasting
 + Level 7.5 Ice Magic


You had 7 spell levels left.
You knew the following spells:

 Your Spells              Type           Power      Damage    Failure   Level
a - Freeze                Ice            100%       1d11      1%          1
b - Frozen Ramparts       Ice            78%        1d9       1%          3
c - Ozocubu's Armour      Ice            39%        N/A       1%          3
d - Hailstorm             Conj/Ice       23%        3d7       17%         4
e - Gell's Gravitas       Tloc           3%         N/A       26%         3

Your spell library contained the following spells:

 Spells                   Type           Power      Damage    Failure   Level
 Lesser Beckoning         Tloc           3%         N/A       26%         3
 Teleport Other           Tloc           7%         N/A       26%         3


Dungeon Overview and Level Annotations

Branches:
Dungeon (5/15)
 Temple: D:4-7

Altars:
Elyvilon
Okawaru


Message History

You hit the ice beast.
The ice beast is moderately wounded.
The ice beast hits you but does no damage.
You hit the ice beast but do no damage.
The ice beast is moderately wounded.
The ice beast barely misses you.
You hit the ice beast but do no damage.
The ice beast is moderately wounded.
The ice beast barely misses you.
You hit the ice beast.
The ice beast is moderately wounded.
The ice beast hits you. The ice beast freezes you!
Aiming: Freeze (safe; 1% risk of failure)
Press: ? - help, Q - select action, (/) - cycle Shift-Dir - straight line, f - ice beast
Aim: an ice beast (moderately wounded)
You freeze the ice beast but do no damage.
The ice beast completely resists.
The ice beast hits you but does no damage.
Aiming: Freeze (safe; 1% risk of failure)
Press: ? - help, Q - select action, (/) - cycle Shift-Dir - straight line, f/p - ice beast
Aim: an ice beast (moderately wounded)
You freeze the ice beast but do no damage.
The ice beast completely resists.
The ice beast hits you but does no damage.
Aiming: Freeze (safe; 1% risk of failure)
Press: ? - help, Q - select action, (/) - cycle Shift-Dir - straight line, f/p - ice beast
Aim: an ice beast (moderately wounded)
You freeze the ice beast but do no damage.
The ice beast completely resists.
The ice beast hits you but does no damage.
You barely miss the ice beast.
The ice beast is moderately wounded.
The ice beast closely misses you. The ice beast hits you.
* * * LOW HITPOINT WARNING * * *
The ice beast freezes you!
* * * LOW HITPOINT WARNING * * *
You hit the ice beast.
The ice beast is moderately wounded.
The ice beast hits you.
You die...

....#.......... ...............
............... ...............
... ............... ..#..
............... ....####
###............ ........
.......@...........####^ .......
.......Y................ ......
.....................>..
..#.#######.........###..........
..................#####..........
.....................##..........
.....................##...(...[.#
.....................##...##....#
.................................


You could see an ice beast.

Vanquished Creatures
  Edmund (D:4)
  An ogre (D:4)
  A centaur (D:5)
  A scorpion (D:3)
  A hound (D:4)
  2 orc priests (D:3)
  6 orc wizards
  A killer bee zombie (D:5)
  Robin (D:4)
  2 adders (D:2)
  An adder skeleton (D:4)
  2 dart slugs
  A worm (D:4)
  10 orcs
  2 bats
  6 endoplasms
  2 giant cockroaches
  12 goblins
  4 hobgoblins
  8 jackals
  A quokka (D:1)
  11 ball pythons
  2 frilled lizards (D:1)
  2 kobolds
  4 rats
85 creatures vanquished.

Notes
Turn   | Place    | Note
-------+----------+-------------------------------------------
     0 | D:1      | horus123 the Deep Elf Ice Elementalist began the quest for
                  | the Orb.
     0 | D:1      | Reached XP level 1. HP: 10/10 MP: 6/6
   531 | D:1      | Reached XP level 2. HP: 15/15 MP: 4/8
  1044 | D:1      | Found a faded altar of an unknown god.
  1349 | D:1      | Reached skill level 5 in Ice Magic
  1534 | D:1      | Reached XP level 3. HP: 19/19 MP: 7/9
  1538 | D:1      | Learned a level 3 spell: Frozen Ramparts
  1542 | D:1      | Learned a level 3 spell: Ozocubu's Armour
  2585 | D:2      | Reached XP level 4. HP: 24/24 MP: 6/11
  2714 | D:3      | Noticed a scorpion
  2721 | D:3      | Killed a scorpion
  2808 | D:3      | Reached XP level 5. HP: 26/28 MP: 5/14
  2881 | D:3      | Learned a level 4 spell: Hailstorm
  2898 | D:3      | Reached skill level 5 in Spellcasting
  3120 | D:3      | Reached XP level 6. HP: 28/33 MP: 10/16
  3376 | D:4      | Learned a level 3 spell: Gell's Gravitas
  3782 | D:4      | Noticed Edmund
  3789 | D:4      | Killed Edmund
  4019 | D:4      | Reached XP level 7. HP: 37/37 MP: 13/19
  4196 | D:4      | Found a white marble altar of Elyvilon.
  4246 | D:4      | Noticed Robin
  4261 | D:4      | Killed Robin
  4488 | D:5      | Entered Level 5 of the Dungeon
  4870 | D:5      | Found an iron altar of Okawaru.
  4940 | D:5      | HP: 1/37 [ice beast (9)]
  4941 | D:5      | Slain by an ice beast

Illustrated notes

Levels and vault maps discovered:
D:1:      co_arrival_square_in_a_square_in_a_square, layout_basic,
          chequers_ecumenical_altar_island
D:2:      layout_basic
D:3:      layout_loops_ring, minmay_overflow_temple_star_quad
D:4:      layout_loops_ring, elyvilon_altar_3, uniq_robin, uniq_edmund
D:5:      layout_basic, lemuel_tele_altar, tgw_sif,
          mainiacjoe_overflow_alcove_4, amcnicky_mini_corridor_feature,
          uniq_sigmund, uniq_prince_ribbit1

Skill      XL: |  1  2  3  4  5  6  7 |
---------------+----------------------+-----
Ice Magic      | 5 6 7 |  7.5
Dodging        | 3 |  3.2
Stealth        | 3 |  3.1
Spellcasting   | 4 5 7 |  7.6
Fighting       | |  0.5
Unarmed Combat | |  0.1

Action                   |  1- 3 |  4- 6 |  7- 9 || total
-------------------------+-------+-------+-------++-------
Melee: Unarmed           |     1 |       |       ||     1
       Staff             |       |       |    48 ||    48
 Cast: Freeze            |    50 |    43 |     8 ||   101
       Frozen Ramparts   |     5 |    15 |     5 ||    25
       Ozocubu's Armour  |       |     5 |     5 ||    10
       Gell's Gravitas   |       |       |     1 ||     1
       Hailstorm         |       |       |     1 ||     1
  Use: Scroll            |     3 |     1 |     2 ||     6
 Stab: Sleeping          |     1 |       |       ||     1
Armor: Robe              |     4 |    12 |    46 ||    62
Dodge: Dodged            |    34 |    32 |    63 ||   129
